 Dungeon Crawl Stone Soup version 0.28-a0-1130-gc51a68064b (webtiles) character file.

Game seed: 17597724075421258389

37 mcbry74 the Digger (level 3, -1/19 HPs)
             Began as a Deep Elf Earth Elementalist on Dec 12, 2021.
             Succumbed to a kobold's poison
             ... on level 2 of the Dungeon.
             The game lasted 00:05:17 (995 turns).

mcbry74 the Digger (Deep Elf Earth Elementalist)     Turns: 995, Time: 00:05:18

Health: -1/19      AC:  2    Str:  5    XL:     3   Next: 21%
Magic:  9/9        EV: 12    Int: 21    God:
Gold:   50         SH:  0    Dex: 15    Spells: 7/8 levels left

rFire   + . .      SeeInvis .   j - +0 short sword (speed)
rCold   . . .      Faith    .   (no shield)
rNeg    . . .      Spirit   .   b - +0 robe
rPois   .          Reflect  .   (no helmet)
rElec   .          Harm     .   (no cloak)
rCorr   .          Rampage  .   (no gloves)
Will    .....                   (no boots)
Stlth   ++........              (no amulet)
HPRegen 0.06/turn               a - ring of protection from fire
MPRegen 0.11/turn               (no ring)

@: lethally poisoned (-1 -> -9)
A: no striking features
a: no special abilities


You were on level 2 of the Dungeon.
You visited 1 branch of the dungeon, and saw 2 of its levels.

You collected 50 gold pieces.

Inventory:

Hand Weapons
 h - a +0 dagger
 j - a +0 short sword of speed (weapon)
 k - a +0 dagger of venom
Missiles
 c - 36 stones
 f - a throwing net
Armour
 b - a +0 robe (worn)
Jewellery
 a - a ring of protection from fire (left hand)
Scrolls
 d - 2 scrolls of vulnerability {unknown}
 g - a scroll of identify {unknown}
Potions
 e - a potion of might {unknown}
 i - a potion of haste {unknown}


   Skills:
 - Level 2.4 Dodging
 - Level 2.4 Stealth
 - Level 3.0 Spellcasting
 - Level 1.1 Transmutations
 + Level 4.8 Earth Magic


You had 7 spell levels left.
You knew the following spells:

 Your Spells              Type           Power      Damage    Failure   Level
a - Sandblast             Erth           46%        2d11      1%          1

Your spell library contained the following spells:

 Spells                   Type           Power      Damage    Failure   Level
 Passwall                 Tmut/Erth      12%        N/A       6%          2
 Apportation              Tloc           6%         N/A       13%         1
 Stone Arrow              Conj/Erth      26%        3d8       14%         3
 Petrify                  Tmut/Erth      15%        N/A       36%         4
 Alistair's Intoxication  Tmut/Pois      3%         N/A       96%         5


Dungeon Overview and Level Annotations

Branches:
Dungeon (2/15)

Altars:


Message History

You kill the kobold!
Found a leather armour.
You see here a +0 short sword of speed.
j - a +0 short sword of speed
Okay, then.
Your hands tingle!
j - a +0 short sword of speed (weapon)
A kobold comes into view. It is wielding a +0 dagger of venom.
The kobold shouts!
The kobold hits you with a +0 dagger of venom.
You are poisoned.
You closely miss the kobold.
You feel very sick. The kobold barely misses you.
You hit the kobold.
The kobold is moderately wounded.
You feel sick.
You hit the kobold but do no damage.
The kobold is moderately wounded.
You feel sick.
The kobold hits you with a +0 dagger of venom.
You hit the kobold but do no damage.
The kobold is moderately wounded.
You feel sick. The kobold hits you but does no damage.
You are lethally poisoned!
You hit the kobold but do no damage.
The kobold is moderately wounded.
* * * LOW HITPOINT WARNING * * *
You feel very sick. The kobold misses you.
You hit the kobold.
You kill the kobold!
* * * LOW HITPOINT WARNING * * *
You feel sick.
* * * LOW HITPOINT WARNING * * *
You feel sick.
Things that are here:
a +0 dagger of venom; a stone; a kobold corpse
k - a +0 dagger of venom You die...

.#... #. ....#). ###. ##
..#... .... #.###.....
#... ##........ ##...
##### #.#....### ......
#... #..#......
#.....##.######...#.....
#....[.@.<..............
#.........#######.......
#..#.##...........#.####
# #..#.#.####..#.#.##
#.................#
####......≈≈≈.....#
..........≈:≈...#.#
#####.....≈≈≈...#.#
#..........#.# .


There were no monsters in sight!

Vanquished Creatures
  2 dart slugs (D:1)
  4 ball pythons
  2 bats (D:1)
  4 endoplasms (D:1)
  A giant cockroach (D:1)
  3 goblins (D:1)
  3 hobgoblins (D:1)
  A quokka (D:1)
  A frilled lizard (D:1)
  5 kobolds
  2 rats (D:1)
28 creatures vanquished.

Notes
Turn   | Place    | Note
-------+----------+-------------------------------------------
     0 | D:1      | mcbry74 the Deep Elf Earth Elementalist began the quest for
                  | the Orb.
     0 | D:1      | Reached XP level 1. HP: 10/10 MP: 6/6
   159 | D:1      | Reached XP level 2. HP: 14/15 MP: 5/8
   242 | D:1      | Reached skill level 4 in Earth Magic
   557 | D:1      | Reached XP level 3. HP: 19/19 MP: 5/9
   995 | D:2      | Succumbed to a kobold's poison

Illustrated notes

Levels and vault maps discovered:
D:1:      tarquinn_simple_flora_water_d, layout_basic
D:2:      layout_basic, hellmonk_ecumenical_altar_slurped_away,
          kennysheep_big_empty_room, corexii_item_surrounded_by_moat,
          kennysheep_nondescript, hangedman_decor_diamond_cutter

Skill      XL: |  1  2 |
---------------+-------+-----
Earth Magic    | 4 |  4.8
Dodging        | |  2.4
Stealth        | |  2.4
Spellcasting   | |  3.0
Transmutations | |  1.1

Action                   || total
-------------------------++-------
Melee: Short sword       ||     6
       Dagger            ||     4
 Cast: Sandblast         ||    36
Armor: Robe              ||     2
Dodge: Dodged            ||     7

Table legend: (Time is in decaauts)
 A = Elapsed time spent in this place.
 B = Non-inter-level travel time spent in this place.
 C = Inter-level travel time spent in this place.
 D = Time resting spent in this place.
 E = Time spent auto-exploring this place.
 F = Levels seen in this place.
 G = Mean time per level.
                   A        B        C        D        E       F      G
               +--------+--------+--------+--------+--------+-----+--------+
         Total |    991 |    967 |     24 |    213 |    536 |   2 |  495.5 |
       Dungeon |    991 |    967 |     24 |    213 |    536 |   2 |  495.5 |
               +--------+--------+--------+--------+--------+-----+--------+

Top non-repeatable levels by time:
     D:1: 923 daAuts
     D:2: 68 daAuts
